WCHLSIM.com - West Coast Hockey League
html PUBLIC "-//W3C//DTD XHTML 1.0 Transitional//EN" "http://www.w3.org/TR/xhtml1/DTD/xhtml1-transitional.dtd"> WCHL - Game 316 - TEXAS TOROS vs SPOKANE KNIGHTS

TEXAS TOROS vs SPOKANE KNIGHTS

Created - 29 décembre 2020 at 20:50

Goals
1 2 3 T
TEXAS TOROS 0 1 0 1
SPOKANE KNIGHTS 2 1 1 4
Shots
1 2 3 T
TEXAS TOROS 11 7 2 20
SPOKANE KNIGHTS 14 12 12 38

1st period

1. SPOKANE KNIGHTS , Sebastian Aho 15 (Patrick Kane 13, Dan Hamhuis 1) at 7:40 (PP)
2. SPOKANE KNIGHTS , Blake Wheeler 17 (Sebastian Aho 12, Patrick Kane 14) at 17:28 (PP)

Penalties :
Brent Seabrook (SPO) for High sticking (Minor) at 4:51, Brock McGinn (TEX) for Holding (Minor) at 5:54, Nazem Kadri (TEX) for Roughing (Minor) at 14:18, Dale Weise (TEX) for Tripping (Minor) at 17:18, Valeri Nichushkin (SPO) for Hooking (Minor) at 17:47

2nd period

3. TEXAS TOROS , Jake Virtanen 7 (Valtteri Filppula 5, Aaron Ekblad 8) at 9:18
4. SPOKANE KNIGHTS , Patrick Kane 7 (Brent Seabrook 3, Mike Smith) at 17:51

Penalties :
No Penalty

3rd period

5. SPOKANE KNIGHTS , Patrice Bergeron 10 (Nick Foligno 3, Matthew Tkachuk 16) at 17:29

Penalties :
Aaron Ekblad (TEX) for Holding (Minor) at 1:15, Garnet Hathaway (SPO) for Holding (Minor) at 4:11, Madison Bowey (TEX) for Tripping (Minor) at 12:21

Goalie Stats

Mikko Koskinen (TEX), 34 saves from 38 shots - (0,895), L, 4-10-0, 60:00 minutes
Mike Smith (SPO), 19 saves from 20 shots - (0,950), W, 5-4-2, 60:00 minutes

Players Stats for TEXAS TOROS

Player Name              G  A  P  +/- PIM S  H  SB GA TA FO     MP     PP MP  PK MP  
------------------------------------------------------------------------------------
Aaron Ekblad             0  1  1   0  2   1  0  4  0  0  0/0    24:24   2:35   2:38 
Barrett Hayton           0  0  0  -1  0   0  0  0  0  0  5/16   15:15   0:10   2:03 
Brock McGinn             0  0  0   1  2   1  0  0  0  0  4/17   20:15   2:44   2:58 
Conor Sheary             0  0  0   0  0   1  0  0  0  0  0/0    20:37   3:02   0:18 
Dale Weise               0  0  0  -1  2   2  2  0  0  0  1/5    14:25   1:26   0:00 
Dante Fabbro             0  0  0   0  0   1  1  0  0  0  0/0    16:32   0:40   0:38 
Dmitry Kulikov           0  0  0   0  0   1  2  3  0  0  0/0    22:29   2:26   4:55 
Jake Virtanen            1  0  1   0  0   3  1  0  0  0  0/2    14:19   1:59   1:32 
Madison Bowey            0  0  0   0  2   0  2  1  0  0  0/0    18:32   0:00   2:35 
Mats Zuccarello          0  0  0   0  0   0  1  0  0  0  0/1    20:59   1:59   2:45 
Morgan Klimchuk          0  0  0  -1  0   0  0  0  0  0  1/1    10:25   0:00   0:00 
Nazem Kadri              0  0  0   0  2   3  0  0  0  0  4/8     4:55   0:17   0:00 
Nick Cousins             0  0  0   0  0   3  0  0  0  0  0/0    11:42   0:23   0:24 
Ryan Poehling            0  0  0  -1  0   1  0  0  0  0  1/11   10:03   0:00   0:00 
Sven Baertschi           0  0  0  -1  0   0  0  0  0  0  0/0    10:03   0:00   0:00 
Tyson Barrie             0  0  0  -1  0   0  0  2  0  0  0/0    19:58   1:55   1:10 
Valtteri Filppula        0  1  1   1  0   3  0  1  0  0  9/21   19:06   3:02   3:54 
Vince Dunn               0  0  0  -1  0   0  0  2  0  0  0/0    18:03   2:26   1:58 

Players Stats for SPOKANE KNIGHTS

Player Name              G  A  P  +/- PIM S  H  SB GA TA FO     MP     PP MP  PK MP  
------------------------------------------------------------------------------------
Blake Wheeler            1  0  1   1  0   7  1  0  0  0  1/1    20:49   3:53   0:00 
Brent Seabrook           0  1  1   0  2   0  1  0  0  0  0/0    19:35   0:00   1:39 
Brian Lashoff            0  0  0   0  0   0  0  0  0  0  0/0     0:00   0:00   0:00 
Cale Makar               0  0  0   1  0   2  0  0  0  0  0/0    23:26   3:53   1:51 
Dan Hamhuis              0  1  1   0  0   0  1  1  0  0  0/0    17:40   3:04   2:08 
Gabriel Bourque          0  0  0   0  0   1  0  0  0  0  0/0     3:43   0:00   0:00 
Gaetan Haas              0  0  0  -1  0   1  0  0  0  0  11/17  15:52   0:00   1:18 
Garnet Hathaway          0  0  0   0  2   0  0  0  0  0  0/0     3:42   0:00   0:00 
Justin Abdelkader        0  0  0  -1  0   2  0  0  0  0  1/1    13:56   0:00   3:05 
Mario Ferraro            0  0  0   0  0   0  5  0  0  0  0/0    17:49   3:04   2:40 
Matthew Tkachuk          0  1  1   1  0   3  2  0  0  0  0/0    20:38   3:45   0:18 
Nick Foligno             0  1  1   1  0   1  0  0  0  0  3/6    20:41   0:00   3:23 
Patrice Bergeron         1  0  1   1  0   5  1  1  0  0  18/24  20:08   3:12   0:00 
Patrick Kane             1  2  3   1  0   4  0  0  0  0  1/1    20:17   3:45   0:00 
Roman Polak              0  0  0   0  0   1  4  2  0  0  0/0    20:18   0:00   1:44 
Sebastian Aho            1  1  2   1  0   7  0  0  0  0  22/31  20:17   3:45   0:00 
Tyler Pitlick            0  0  0  -1  0   1  2  0  0  0  0/1    14:58   3:12   0:55 
Valeri Nichushkin        0  0  0   1  2   3  2  0  0  0  0/0    20:11   3:12   1:03 

3 Stars

1 - Patrick Kane (SPO)
2 - Sebastian Aho (SPO)
3 - Patrice Bergeron (SPO)

Power Play

TEXAS TOROS - 0 on 3 Attempt(s) - 0,00%
SPOKANE KNIGHTS - 2 on 5 Attempt(s) - 40,00%

Penalty Kill

TEXAS TOROS - 3 on 5 Attempt(s) - 60,00% - Score 0 goal in Penalty Kill
SPOKANE KNIGHTS - 3 on 3 Attempt(s) - 100,00% - Score 0 goal in Penalty Kill

Team Stat

TEXAS TOROS - Hits : 9 - Faceoff Wins : 25 - Blocked Shots : 13 - Penalty Minutes : 10
SPOKANE KNIGHTS - Hits : 19 - Faceoff Wins : 57 - Blocked Shots : 4 - Penalty Minutes : 6

Official

Referees : Steve Kozari and Tom Chmielewski
Linesman : Steven Berry and Matt MacPherson

Game Notes

Nazem Kadri is injured at 17:46 of 1st period (Left Hand)

Finance

Level 1 -- Attendance: 8350 (100,00%) -- Ticket Income 1 060 450 $
Level 2 -- Attendance: 6100 (100,00%) -- Ticket Income 549 000 $
Level 3 -- Attendance: 2400 (100,00%) -- Ticket Income 151 200 $
Level 4 -- Attendance: 6000 (100,00%) -- Ticket Income 246 000 $
Luxury Box -- Attendance: 1150 (100,00%) -- Ticket Income 304 750 $
Total Attendance: 24000 (100,00%)
Total Ticket Income: 2 311 400 $
Other Income: 808 990 $
Total Income: 3 120 390 $

TEXAS TOROS

5 vs 5 Forward 
   Center                   Left Wing                Right Wing               Time % Phy DF OF 
 1 Nazem Kadri              Conor Sheary             Mats Zuccarello          36     1   1  3  
 2 Valtteri Filppula        Brock McGinn             Jake Virtanen            31     1   2  2  
 3 Barrett Hayton           Morgan Klimchuk          Nick Cousins             23     1   2  2  
 4 Ryan Poehling            Sven Baertschi           Dale Weise               10     2   2  1  

5 vs 5 Defense 
   Defense                  Defense                                           Time % Phy DF OF 
 1 Aaron Ekblad             Madison Bowey                                     36     1   2  2  
 2 Dmitry Kulikov           Dante Fabbro                                      31     1   2  2  
 3 Vince Dunn               Tyson Barrie                                      23     1   2  2  
 4 Aaron Ekblad             Tyson Barrie                                      10     1   2  2  

PowerPlay Forward 
   Center                   Left Wing                Right Wing               Time % Phy DF OF 
 1 Nazem Kadri              Jake Virtanen            Mats Zuccarello          55     1   2  2  
 2 Valtteri Filppula        Brock McGinn             Conor Sheary             45     1   2  2  

PowerPlay Defense
   Defense                  Defense                                           Time % Phy DF OF 
 1 Aaron Ekblad             Tyson Barrie                                      55     1   2  2  
 2 Dmitry Kulikov           Vince Dunn                                        45     1   2  2  

Penalty Kill 4 Players Forward 
   Center                   Wing                     Time % Phy DF OF 
 1 Brock McGinn             Valtteri Filppula        55     1   2  2  
 2 Jake Virtanen            Mats Zuccarello          45     1   2  2  

Penalty Kill 4 Players Defense
   Defense                  Defense                  Time % Phy DF OF 
 1 Vince Dunn               Aaron Ekblad             55     1   2  2  
 2 Dmitry Kulikov           Madison Bowey            45     1   2  2  

Penalty Kill - 3 Players Forward 
   Forward                                           Time % Phy DF OF 
 1 Jake Virtanen                                     55     1   2  2  
 2 Valtteri Filppula                                 45     1   2  2  

Penalty Kill - 3 Players Defense
   Defense                  Defense                  Time % Phy DF OF 
 1 Vince Dunn               Aaron Ekblad             55     1   2  2  
 2 Dmitry Kulikov           Madison Bowey            45     1   2  2  

4 vs 4 Forward 
   Center                   Wing                     Time % Phy DF OF 
 1 Nazem Kadri              Conor Sheary             55     1   2  2  
 2 Barrett Hayton           Jake Virtanen            45     1   2  2  

4 vs 4 Defense
   Defense                  Defense                  Time % Phy DF OF 
 1 Aaron Ekblad             Tyson Barrie             55     1   2  2  
 2 Dmitry Kulikov           Vince Dunn               45     1   2  2  

Last Minutes Offensive
   Center                   Left Wing                Right Wing               Defense                  Defense                  
   Nazem Kadri              Valtteri Filppula        Jake Virtanen            Madison Bowey            Tyson Barrie             

Last Minutes Defensive
   Center                   Left Wing                Right Wing               Defense                  Defense                  
   Nazem Kadri              Valtteri Filppula        Jake Virtanen            Madison Bowey            Tyson Barrie             

Goaltenders
Starting : Mikko Koskinen           
Backup : Cory Schneider           

Extra Forwards
Normal : Brock McGinn, Dale Weise, Barrett Hayton - PP : Brock McGinn, Dale Weise - PK : Barrett Hayton
Extra Defensemen
Normal : Dmitry Kulikov, Vince Dunn, Tyson Barrie - PP : Tyson Barrie - PK : Vince Dunn, Tyson Barrie
Penalty Shots
Nazem Kadri, Valtteri Filppula, Jake Virtanen, Dale Weise, Nick Cousins
Custom OT Lines Forwards
Nazem Kadri, Valtteri Filppula, Jake Virtanen, Mats Zuccarello, Nick Cousins, Conor Sheary, Brock McGinn, Dale Weise, Barrett Hayton, Sven Baertschi
Custom OT Lines Defensemen
Aaron Ekblad, Tyson Barrie, Dmitry Kulikov, Vince Dunn, Dante Fabbro

Scratches
Braydon Coburn (Healthy), John Quenneville (Healthy), Taro Hirose (Groin Injury), Dylan Wells (Healthy)

SPOKANE KNIGHTS

5 vs 5 Forward 
   Center                   Left Wing                Right Wing               Time % Phy DF OF 
 1 Patrice Bergeron         Matthew Tkachuk          Blake Wheeler            34     1   1  3  
 2 Sebastian Aho            Valeri Nichushkin        Patrick Kane             34     1   1  3  
 3 Gaetan Haas              Justin Abdelkader        Tyler Pitlick            25     1   2  2  
 4 Gaetan Haas              Gabriel Bourque          Garnet Hathaway          7      1   2  2  

5 vs 5 Defense 
   Defense                  Defense                                           Time % Phy DF OF 
 1 Cale Makar               Nick Foligno                                      37     1   2  2  
 2 Roman Polak              Brent Seabrook                                    37     1   2  2  
 3 Mario Ferraro            Dan Hamhuis                                       16     1   3  1  
 4 Mario Ferraro            Dan Hamhuis                                       10     1   3  1  

PowerPlay Forward 
   Center                   Left Wing                Right Wing               Time % Phy DF OF 
 1 Sebastian Aho            Matthew Tkachuk          Patrick Kane             55     1   1  3  
 2 Patrice Bergeron         Valeri Nichushkin        Tyler Pitlick            45     1   1  3  

PowerPlay Defense
   Defense                  Defense                                           Time % Phy DF OF 
 1 Cale Makar               Blake Wheeler                                     50     0   1  4  
 2 Dan Hamhuis              Mario Ferraro                                     50     0   1  4  

Penalty Kill 4 Players Forward 
   Center                   Wing                     Time % Phy DF OF 
 1 Nick Foligno             Justin Abdelkader        55     1   3  1  
 2 Gaetan Haas              Valeri Nichushkin        45     1   3  1  

Penalty Kill 4 Players Defense
   Defense                  Defense                  Time % Phy DF OF 
 1 Roman Polak              Dan Hamhuis              60     1   3  1  
 2 Mario Ferraro            Brent Seabrook           40     1   3  1  

Penalty Kill - 3 Players Forward 
   Forward                                           Time % Phy DF OF 
 1 Patrice Bergeron                                  60     0   5  0  
 2 Blake Wheeler                                     40     0   5  0  

Penalty Kill - 3 Players Defense
   Defense                  Defense                  Time % Phy DF OF 
 1 Roman Polak              Mario Ferraro            60     0   5  0  
 2 Brent Seabrook           Dan Hamhuis              40     0   5  0  

4 vs 4 Forward 
   Center                   Wing                     Time % Phy DF OF 
 1 Patrice Bergeron         Blake Wheeler            50     1   2  2  
 2 Sebastian Aho            Patrick Kane             50     1   2  2  

4 vs 4 Defense
   Defense                  Defense                  Time % Phy DF OF 
 1 Roman Polak              Dan Hamhuis              60     1   2  2  
 2 Cale Makar               Brent Seabrook           40     1   2  2  

Last Minutes Offensive
   Center                   Left Wing                Right Wing               Defense                  Defense                  
   Patrice Bergeron         Matthew Tkachuk          Patrick Kane             Blake Wheeler            Cale Makar               

Last Minutes Defensive
   Center                   Left Wing                Right Wing               Defense                  Defense                  
   Patrice Bergeron         Nick Foligno             Blake Wheeler            Roman Polak              Brent Seabrook           

Goaltenders
Starting : Mike Smith               
Backup : Matthew Murray           

Extra Forwards
Normal : Gaetan Haas, Sebastian Aho, Garnet Hathaway - PP : Patrick Kane, Tyler Pitlick - PK : Tyler Pitlick
Extra Defensemen
Normal : Dan Hamhuis, Mario Ferraro, Cale Makar - PP : Cale Makar - PK : Mario Ferraro, Cale Makar
Penalty Shots
Patrice Bergeron, Patrick Kane, Sebastian Aho, Blake Wheeler, Matthew Tkachuk
Custom OT Lines Forwards
Patrice Bergeron, Blake Wheeler, Sebastian Aho, Patrick Kane, Nick Foligno, Matthew Tkachuk, Valeri Nichushkin, Tyler Pitlick, Gaetan Haas, Garnet Hathaway
Custom OT Lines Defensemen
Cale Makar, Roman Polak, Brent Seabrook, Dan Hamhuis, Mario Ferraro

Scratches
Victor Hedman (Bruised Left Foot Injury)

% Time on Ice - TEXAS TOROS

Lines # - Real PCT - Wanted PCT - Time Play
Normal Forward
1 - 35% - 36% - 16:15
2 - 22% - 31% - 10:23
3 - 22% - 23% - 10:25
4 - 21% - 10% - 10:03
Normal Defense
1 - 34% - 36% - 15:58
2 - 31% - 31% - 14:31
3 - 28% - 23% - 13:02
4 - 8% - 10% - 3:35
PP Forward
1 - 40% - 55% - 1:59
2 - 60% - 45% - 3:02
PP Defense
1 - 51% - 55% - 2:35
2 - 49% - 45% - 2:26
PK Forward
1 - 60% - 55% - 4:12
2 - 40% - 45% - 2:45
PK Defense
1 - 37% - 55% - 2:34
2 - 63% - 45% - 4:23
PK3 Forward
1 - 0% - 55%
2 - 0% - 45%
PK3 Defense
1 - 0% - 55%
2 - 0% - 45%
44 Forward
1 - 66% - 55% - 0:37
2 - 34% - 45% - 0:19
44 Defense
1 - 34% - 55% - 0:19
2 - 66% - 45% - 0:37
Last Minute Offensive  - 0:00
Last Minute Defensive  - 0:00
Total
Forward - 60:00
Defense - 60:00

% Time on Ice - SPOKANE KNIGHTS

Lines # - Real PCT - Wanted PCT - Time Play
Normal Forward
1 - 35% - 34% - 16:35
2 - 34% - 34% - 15:57
3 - 23% - 25% - 10:51
4 - 8% - 7% - 3:43
Normal Defense
1 - 37% - 37% - 17:23
2 - 38% - 37% - 17:57
3 - 16% - 16% - 7:44
4 - 9% - 10% - 4:02
PP Forward
1 - 54% - 55% - 3:45
2 - 46% - 45% - 3:12
PP Defense
1 - 56% - 50% - 3:53
2 - 44% - 50% - 3:04
PK Forward
1 - 67% - 55% - 3:23
2 - 33% - 45% - 1:38
PK Defense
1 - 48% - 60% - 2:25
2 - 52% - 40% - 2:36
PK3 Forward
1 - 0% - 60%
2 - 0% - 40%
PK3 Defense
1 - 0% - 60%
2 - 0% - 40%
44 Forward
1 - 38% - 50% - 0:21
2 - 63% - 50% - 0:35
44 Defense
1 - 66% - 60% - 0:37
2 - 34% - 40% - 0:19
Last Minute Offensive  - 0:00
Last Minute Defensive  - 0:00
Total
Forward - 60:00
Defense - 60:00

Play-by-Play

1st period


0:01 of 1st period - Patrice Bergeron wins face-off versus Nazem Kadri in neutral zone.
0:36 of 1st period - Shot by Patrice Bergeron.
0:36 of 1st period - Stopped by Mikko Koskinen without a rebound.
0:37 of 1st period - Sebastian Aho wins face-off versus Valtteri Filppula in TEXAS TOROS zone.
0:39 of 1st period - Patrick Kane is hit by Dmitry Kulikov and loses puck.
0:49 of 1st period - Icing by Dmitry Kulikov.
0:50 of 1st period - Valtteri Filppula wins face-off versus Gaetan Haas in TEXAS TOROS zone.
0:50 of 1st period - Valtteri Filppula is hit by Tyler Pitlick.
1:04 of 1st period - Shot by Brock McGinn.
1:04 of 1st period - Shot Misses the Net.
1:06 of 1st period - Shot by Dmitry Kulikov.
1:06 of 1st period - Shot Misses the Net.
1:09 of 1st period - Brock McGinn is hit by Mario Ferraro and loses puck.
1:13 of 1st period - Brock McGinn is hit by Mario Ferraro and loses puck.
1:24 of 1st period - Shot by Valtteri Filppula.
1:24 of 1st period - Stopped by Mike Smith without a rebound.
1:25 of 1st period - Barrett Hayton wins face-off versus Sebastian Aho in SPOKANE KNIGHTS zone.
2:01 of 1st period - Shot by Patrick Kane.
2:01 of 1st period - Stopped by Mikko Koskinen with a rebound.
2:03 of 1st period - Shot by Patrick Kane.
2:03 of 1st period - Shot Misses the Net.
2:07 of 1st period - Shot by Patrick Kane.
2:07 of 1st period - Shot Misses the Net.
2:53 of 1st period - Shot by Mats Zuccarello.
2:53 of 1st period - Deflect By Nazem Kadri.
2:53 of 1st period - Shot Misses the Net.
3:40 of 1st period - Justin Abdelkader is hit by Dmitry Kulikov and loses puck.
3:51 of 1st period - Shot by Justin Abdelkader.
3:51 of 1st period - Stopped by Mikko Koskinen without a rebound.
3:52 of 1st period - Sebastian Aho wins face-off versus Valtteri Filppula in TEXAS TOROS zone.
3:59 of 1st period - Shot by Sebastian Aho.
3:59 of 1st period - Shot Blocked by Valtteri Filppula.
4:15 of 1st period - Shot by Patrick Kane.
4:15 of 1st period - Deflect By Sebastian Aho.
4:15 of 1st period - Stopped by Mikko Koskinen without a rebound.
4:16 of 1st period - Barrett Hayton wins face-off versus Gaetan Haas in TEXAS TOROS zone.
4:24 of 1st period - Off-side.
4:25 of 1st period - Sebastian Aho wins face-off versus Mats Zuccarello in neutral zone.
4:32 of 1st period - Shot by Mats Zuccarello.
4:32 of 1st period - Shot Misses the Net.
4:39 of 1st period - Nazem Kadri is hit by Roman Polak and loses puck.
4:48 of 1st period - Shot by Conor Sheary.
4:48 of 1st period - Shot Misses the Net.
4:50 of 1st period - Shot by Nazem Kadri.
4:50 of 1st period - Deflect By Mats Zuccarello.
4:50 of 1st period - Shot Blocked by Roman Polak.
4:51 of 1st period - Minor Penalty to Brent Seabrook for High sticking.
4:52 of 1st period - Valtteri Filppula wins face-off versus Nick Foligno in SPOKANE KNIGHTS zone.
5:10 of 1st period - Shot by Aaron Ekblad.
5:10 of 1st period - Stopped by Mike Smith without a rebound.
5:11 of 1st period - Nazem Kadri wins face-off versus Nick Foligno in SPOKANE KNIGHTS zone.
5:21 of 1st period - Shot by Jake Virtanen.
5:21 of 1st period - Deflect By Nazem Kadri.
5:21 of 1st period - Shot Misses the Net.
5:23 of 1st period - Shot by Jake Virtanen.
5:23 of 1st period - Deflect By Nazem Kadri.
5:23 of 1st period - Stopped by Mike Smith with a rebound.
5:25 of 1st period - Shot by Jake Virtanen.
5:25 of 1st period - Shot Misses the Net.
5:27 of 1st period - Shot by Dmitry Kulikov.
5:27 of 1st period - Stopped by Mike Smith without a rebound.
5:28 of 1st period - Gaetan Haas wins face-off versus Valtteri Filppula in SPOKANE KNIGHTS zone.
5:35 of 1st period - Shot by Tyson Barrie.
5:35 of 1st period - Shot Misses the Net.
5:54 of 1st period - Minor Penalty to Brock McGinn for Holding.
5:55 of 1st period - Patrice Bergeron wins face-off versus Nazem Kadri in TEXAS TOROS zone.
5:56 of 1st period - Shot by Blake Wheeler.
5:56 of 1st period - Stopped by Mikko Koskinen without a rebound.
5:57 of 1st period - Nazem Kadri wins face-off versus Sebastian Aho in TEXAS TOROS zone.
6:08 of 1st period - Shot by Nazem Kadri.
6:08 of 1st period - Stopped by Mike Smith with a rebound.
6:31 of 1st period - Shot by Nazem Kadri.
6:31 of 1st period - Stopped by Mike Smith without a rebound.
6:32 of 1st period - Patrice Bergeron wins face-off versus Barrett Hayton in SPOKANE KNIGHTS zone.
6:49 of 1st period - Shot by Jake Virtanen.
6:49 of 1st period - Shot Blocked by Patrice Bergeron.
6:51 of 1st period - Shot by Jake Virtanen.
6:51 of 1st period - Shot Misses the Net.
7:40 of 1st period - Shot by Sebastian Aho.
7:40 of 1st period - Goal by Sebastian Aho - TEXAS TOROS : 0 - SPOKANE KNIGHTS : 1.
7:41 of 1st period - Gaetan Haas wins face-off versus Ryan Poehling in neutral zone.
7:45 of 1st period - Off-side.
7:46 of 1st period - Gaetan Haas wins face-off versus Ryan Poehling in neutral zone.
7:49 of 1st period - Shot by Garnet Hathaway.
7:49 of 1st period - Shot Misses the Net.
8:03 of 1st period - Shot by Ryan Poehling.
8:03 of 1st period - Stopped by Mike Smith without a rebound.
8:04 of 1st period - Nazem Kadri wins face-off versus Sebastian Aho in SPOKANE KNIGHTS zone.
8:15 of 1st period - Shot by Patrick Kane.
8:15 of 1st period - Stopped by Mikko Koskinen without a rebound.
8:16 of 1st period - Blake Wheeler wins face-off versus Valtteri Filppula in TEXAS TOROS zone.
8:43 of 1st period - Icing by Brock McGinn.
8:44 of 1st period - Gaetan Haas wins face-off versus Valtteri Filppula in TEXAS TOROS zone.
8:45 of 1st period - Shot by Justin Abdelkader.
8:45 of 1st period - Shot Blocked by Aaron Ekblad.
9:52 of 1st period - Shot by Sebastian Aho.
9:52 of 1st period - Shot Blocked by Dmitry Kulikov.
9:54 of 1st period - Shot by Patrick Kane.
9:54 of 1st period - Shot Misses the Net.
9:56 of 1st period - Shot by Patrick Kane.
9:56 of 1st period - Shot Blocked by Dmitry Kulikov.
9:58 of 1st period - Shot by Cale Makar.
9:58 of 1st period - Stopped by Mikko Koskinen without a rebound.
9:59 of 1st period - Patrice Bergeron wins face-off versus Barrett Hayton in TEXAS TOROS zone.
10:16 of 1st period - Shot by Matthew Tkachuk.
10:16 of 1st period - Shot Misses the Net.
11:12 of 1st period - Off-side.
11:13 of 1st period - Gaetan Haas wins face-off versus Nazem Kadri in neutral zone.
11:32 of 1st period - Shot by Tyler Pitlick.
11:32 of 1st period - Shot Misses the Net.
11:42 of 1st period - Shot by Nazem Kadri.
11:42 of 1st period - Shot Misses the Net.
12:16 of 1st period - Shot by Valtteri Filppula.
12:16 of 1st period - Stopped by Mike Smith without a rebound.
12:17 of 1st period - Sebastian Aho wins face-off versus Ryan Poehling in SPOKANE KNIGHTS zone.
12:17 of 1st period - Sebastian Aho is hit by Dale Weise.
12:20 of 1st period - Icing by Patrick Kane.
12:21 of 1st period - Sebastian Aho wins face-off versus Brock McGinn in SPOKANE KNIGHTS zone.
12:34 of 1st period - Shot by Jake Virtanen.
12:34 of 1st period - Stopped by Mike Smith without a rebound.
12:35 of 1st period - Ryan Poehling wins face-off versus Patrice Bergeron in SPOKANE KNIGHTS zone.
12:52 of 1st period - Shot by Dale Weise.
12:52 of 1st period - Stopped by Mike Smith without a rebound.
12:53 of 1st period - Sebastian Aho wins face-off versus Valtteri Filppula in SPOKANE KNIGHTS zone.
13:00 of 1st period - Shot by Valtteri Filppula.
13:00 of 1st period - Stopped by Mike Smith without a rebound.
13:01 of 1st period - Patrice Bergeron wins face-off versus Nazem Kadri in SPOKANE KNIGHTS zone.
13:27 of 1st period - Icing by Matthew Tkachuk.
13:28 of 1st period - Patrice Bergeron wins face-off versus Valtteri Filppula in SPOKANE KNIGHTS zone.
14:18 of 1st period - Minor Penalty to Nazem Kadri for Roughing.
14:19 of 1st period - Sebastian Aho wins face-off versus Barrett Hayton in TEXAS TOROS zone.
14:44 of 1st period - Shot by Sebastian Aho.
14:44 of 1st period - Stopped by Mikko Koskinen without a rebound.
14:45 of 1st period - Patrice Bergeron wins face-off versus Jake Virtanen in TEXAS TOROS zone.
15:14 of 1st period - Shot by Patrice Bergeron.
15:14 of 1st period - Deflect By Tyler Pitlick.
15:14 of 1st period - Shot Misses the Net.
15:46 of 1st period - Shot by Sebastian Aho.
15:46 of 1st period - Shot Misses the Net.
15:48 of 1st period - Shot by Matthew Tkachuk.
15:48 of 1st period - Shot Misses the Net.
15:50 of 1st period - Shot by Patrick Kane.
15:50 of 1st period - Shot Misses the Net.
15:59 of 1st period - Shot by Sebastian Aho.
15:59 of 1st period - Shot Blocked by Dmitry Kulikov.
16:01 of 1st period - Shot by Sebastian Aho.
16:01 of 1st period - Shot Misses the Net.
16:03 of 1st period - Shot by Sebastian Aho.
16:03 of 1st period - Shot Misses the Net.
16:05 of 1st period - Shot by Matthew Tkachuk.
16:05 of 1st period - Stopped by Mikko Koskinen without a rebound.
16:06 of 1st period - Patrice Bergeron wins face-off versus Brock McGinn in TEXAS TOROS zone.
16:21 of 1st period - Shot by Garnet Hathaway.
16:21 of 1st period - Shot Misses the Net.
16:52 of 1st period - Barrett Hayton is hit by Brent Seabrook and loses puck.
17:18 of 1st period - Minor Penalty to Dale Weise for Tripping.
17:19 of 1st period - Sebastian Aho wins face-off versus Brock McGinn in TEXAS TOROS zone.
17:20 of 1st period - Shot by Blake Wheeler.
17:20 of 1st period - Stopped by Mikko Koskinen without a rebound.
17:21 of 1st period - Sebastian Aho wins face-off versus Brock McGinn in TEXAS TOROS zone.
17:26 of 1st period - Shot by Patrick Kane.
17:26 of 1st period - Deflect By Sebastian Aho.
17:26 of 1st period - Shot Hit the Post.
17:28 of 1st period - Shot by Blake Wheeler.
17:28 of 1st period - Goal by Blake Wheeler - TEXAS TOROS : 0 - SPOKANE KNIGHTS : 2.
17:29 of 1st period - Patrick Kane wins face-off versus Ryan Poehling in neutral zone.
17:38 of 1st period - Shot by Sebastian Aho.
17:38 of 1st period - Shot Blocked by Tyson Barrie.
17:40 of 1st period - Shot by Sebastian Aho.
17:40 of 1st period - Shot Misses the Net.
17:42 of 1st period - Shot by Sebastian Aho.
17:42 of 1st period - Shot Misses the Net.
17:44 of 1st period - Shot by Nick Foligno.
17:44 of 1st period - Stopped by Mikko Koskinen without a rebound.
17:45 of 1st period - Nazem Kadri wins face-off versus Patrice Bergeron in TEXAS TOROS zone.
17:45 of 1st period - Nazem Kadri is hit by Patrice Bergeron.
17:46 of 1st period - Nazem Kadri from TEXAS TOROS is injured at 17:46 of 1st period (Left Hand).
17:47 of 1st period - Brock McGinn wins face-off versus Sebastian Aho in TEXAS TOROS zone.
17:47 of 1st period - Minor Penalty to Valeri Nichushkin for Hooking.
17:48 of 1st period - Valtteri Filppula wins face-off versus Nick Foligno in SPOKANE KNIGHTS zone.
18:12 of 1st period - Icing by Valtteri Filppula.
18:13 of 1st period - Nick Foligno wins face-off versus Valtteri Filppula in TEXAS TOROS zone.
19:51 of 1st period - Shot by Cale Makar.
19:51 of 1st period - Stopped by Mikko Koskinen without a rebound.
19:52 of 1st period - Sebastian Aho wins face-off versus Barrett Hayton in TEXAS TOROS zone.
19:59 of 1st period - Shot by Nick Foligno.
19:59 of 1st period - Shot Misses the Net.
Goals for this period are 0 for TEXAS TOROS vs 2 for SPOKANE KNIGHTS.
Shots for this period are 11 for TEXAS TOROS vs 14 for SPOKANE KNIGHTS.

2nd period


0:01 of 2nd period - Brock McGinn wins face-off versus Sebastian Aho in neutral zone.
0:03 of 2nd period - Aaron Ekblad is hit by Roman Polak and loses puck.
0:07 of 2nd period - Icing by Sebastian Aho.
0:08 of 2nd period - Sebastian Aho wins face-off versus Brock McGinn in SPOKANE KNIGHTS zone.
0:13 of 2nd period - Shot by Valeri Nichushkin.
0:13 of 2nd period - Stopped by Mikko Koskinen without a rebound.
0:14 of 2nd period - Patrice Bergeron wins face-off versus Brock McGinn in TEXAS TOROS zone.
0:14 of 2nd period - Patrice Bergeron is hit by Madison Bowey.
0:41 of 2nd period - Shot by Patrice Bergeron.
0:41 of 2nd period - Shot Blocked by Aaron Ekblad.
0:43 of 2nd period - Shot by Blake Wheeler.
0:43 of 2nd period - Stopped by Mikko Koskinen without a rebound.
0:44 of 2nd period - Barrett Hayton wins face-off versus Sebastian Aho in TEXAS TOROS zone.
0:54 of 2nd period - Sebastian Aho is hit by Dante Fabbro and loses puck.
1:07 of 2nd period - Shot by Nick Cousins.
1:07 of 2nd period - Stopped by Mike Smith without a rebound.
1:08 of 2nd period - Gaetan Haas wins face-off versus Ryan Poehling in SPOKANE KNIGHTS zone.
2:15 of 2nd period - Shot by Patrick Kane.
2:15 of 2nd period - Shot Misses the Net.
2:17 of 2nd period - Shot by Valeri Nichushkin.
2:17 of 2nd period - Stopped by Mikko Koskinen without a rebound.
2:18 of 2nd period - Patrice Bergeron wins face-off versus Brock McGinn in TEXAS TOROS zone.
2:25 of 2nd period - Shot by Blake Wheeler.
2:25 of 2nd period - Shot Misses the Net.
2:29 of 2nd period - Shot by Patrice Bergeron.
2:29 of 2nd period - Stopped by Mikko Koskinen without a rebound.
2:30 of 2nd period - Patrice Bergeron wins face-off versus Barrett Hayton in TEXAS TOROS zone.
2:35 of 2nd period - Shot by Patrice Bergeron.
2:35 of 2nd period - Stopped by Mikko Koskinen without a rebound.
2:36 of 2nd period - Patrice Bergeron wins face-off versus Valtteri Filppula in TEXAS TOROS zone.
2:48 of 2nd period - Aaron Ekblad is hit by Blake Wheeler and loses puck.
2:57 of 2nd period - Shot by Jake Virtanen.
2:57 of 2nd period - Shot Misses the Net.
2:59 of 2nd period - Shot by Madison Bowey.
2:59 of 2nd period - Deflect By Jake Virtanen.
2:59 of 2nd period - Shot Hit the Post.
3:53 of 2nd period - Shot by Conor Sheary.
3:53 of 2nd period - Stopped by Mike Smith without a rebound.
3:54 of 2nd period - Sebastian Aho wins face-off versus Ryan Poehling in SPOKANE KNIGHTS zone.
4:55 of 2nd period - Shot by Conor Sheary.
4:55 of 2nd period - Shot Misses the Net.
5:10 of 2nd period - Mats Zuccarello is hit by Dan Hamhuis and loses puck.
5:34 of 2nd period - Icing by Mario Ferraro.
5:35 of 2nd period - Gaetan Haas wins face-off versus Barrett Hayton in SPOKANE KNIGHTS zone.
5:42 of 2nd period - Shot by Tyler Pitlick.
5:42 of 2nd period - Shot Blocked by Tyson Barrie.
6:19 of 2nd period - Shot by Blake Wheeler.
6:19 of 2nd period - Stopped by Mikko Koskinen with a rebound.
6:21 of 2nd period - Shot by Blake Wheeler.
6:21 of 2nd period - Shot Misses the Net.
6:23 of 2nd period - Shot by Roman Polak.
6:23 of 2nd period - Stopped by Mikko Koskinen with a rebound.
6:25 of 2nd period - Shot by Blake Wheeler.
6:25 of 2nd period - Shot Misses the Net.
6:27 of 2nd period - Shot by Blake Wheeler.
6:27 of 2nd period - Shot Misses the Net.
6:55 of 2nd period - Shot by Cale Makar.
6:55 of 2nd period - Shot Misses the Net.
6:57 of 2nd period - Shot by Nick Foligno.
6:57 of 2nd period - Shot Misses the Net.
7:08 of 2nd period - Icing by Dante Fabbro.
7:09 of 2nd period - Sebastian Aho wins face-off versus Ryan Poehling in TEXAS TOROS zone.
9:18 of 2nd period - Shot by Jake Virtanen.
9:18 of 2nd period - Goal by Jake Virtanen - TEXAS TOROS : 1 - SPOKANE KNIGHTS : 2.
9:19 of 2nd period - Sebastian Aho wins face-off versus Brock McGinn in neutral zone.
9:24 of 2nd period - Shot by Patrick Kane.
9:24 of 2nd period - Shot Misses the Net.
9:26 of 2nd period - Shot by Sebastian Aho.
9:26 of 2nd period - Shot Misses the Net.
9:56 of 2nd period - Icing by Vince Dunn.
9:57 of 2nd period - Patrice Bergeron wins face-off versus Brock McGinn in TEXAS TOROS zone.
10:44 of 2nd period - Shot by Patrice Bergeron.
10:44 of 2nd period - Stopped by Mikko Koskinen without a rebound.
10:45 of 2nd period - Valtteri Filppula wins face-off versus Tyler Pitlick in TEXAS TOROS zone.
11:09 of 2nd period - Shot by Justin Abdelkader.
11:09 of 2nd period - Stopped by Mikko Koskinen without a rebound.
11:10 of 2nd period - Barrett Hayton wins face-off versus Sebastian Aho in TEXAS TOROS zone.
11:10 of 2nd period - Barrett Hayton is hit by Valeri Nichushkin.
11:33 of 2nd period - Shot by Sebastian Aho.
11:33 of 2nd period - Stopped by Mikko Koskinen without a rebound.
11:34 of 2nd period - Valtteri Filppula wins face-off versus Patrice Bergeron in TEXAS TOROS zone.
11:34 of 2nd period - Valtteri Filppula is hit by Matthew Tkachuk.
11:39 of 2nd period - Jake Virtanen is hit by Roman Polak and loses puck.
11:42 of 2nd period - Shot by Jake Virtanen.
11:42 of 2nd period - Shot Misses the Net.
11:45 of 2nd period - Valtteri Filppula is hit by Roman Polak and loses puck.
11:50 of 2nd period - Shot by Brock McGinn.
11:50 of 2nd period - Shot Misses the Net.
11:52 of 2nd period - Shot by Valtteri Filppula.
11:52 of 2nd period - Shot Misses the Net.
11:54 of 2nd period - Shot by Jake Virtanen.
11:54 of 2nd period - Stopped by Mike Smith without a rebound.
11:55 of 2nd period - Brock McGinn wins face-off versus Gaetan Haas in SPOKANE KNIGHTS zone.
12:41 of 2nd period - Icing by Aaron Ekblad.
12:42 of 2nd period - Sebastian Aho wins face-off versus Brock McGinn in TEXAS TOROS zone.
13:04 of 2nd period - Icing by Conor Sheary.
13:05 of 2nd period - Brock McGinn wins face-off versus Patrice Bergeron in TEXAS TOROS zone.
13:05 of 2nd period - Brock McGinn is hit by Matthew Tkachuk.
13:10 of 2nd period - Aaron Ekblad is hit by Mario Ferraro and loses puck.
13:55 of 2nd period - Dan Hamhuis is hit by Mats Zuccarello and loses puck.
15:04 of 2nd period - Shot by Nick Cousins.
15:04 of 2nd period - Deflect By Barrett Hayton.
15:04 of 2nd period - Shot Misses the Net.
15:06 of 2nd period - Shot by Dante Fabbro.
15:06 of 2nd period - Stopped by Mike Smith without a rebound.
15:07 of 2nd period - Gaetan Haas wins face-off versus Ryan Poehling in SPOKANE KNIGHTS zone.
16:33 of 2nd period - Icing by Matthew Tkachuk.
16:34 of 2nd period - Valtteri Filppula wins face-off versus Patrice Bergeron in SPOKANE KNIGHTS zone.
16:35 of 2nd period - Shot by Jake Virtanen.
16:35 of 2nd period - Shot Blocked by Dan Hamhuis.
17:01 of 2nd period - Shot by Jake Virtanen.
17:01 of 2nd period - Deflect By Nick Cousins.
17:01 of 2nd period - Stopped by Mike Smith with a rebound.
17:12 of 2nd period - Icing by Dan Hamhuis.
17:13 of 2nd period - Patrice Bergeron wins face-off versus Ryan Poehling in SPOKANE KNIGHTS zone.
17:26 of 2nd period - Valeri Nichushkin is hit by Dale Weise and loses puck.
17:33 of 2nd period - Shot by Tyson Barrie.
17:33 of 2nd period - Shot Blocked by Roman Polak.
17:41 of 2nd period - Shot by Ryan Poehling.
17:41 of 2nd period - Deflect By Dale Weise.
17:41 of 2nd period - Stopped by Mike Smith with a rebound.
17:51 of 2nd period - Shot by Patrick Kane.
17:51 of 2nd period - Goal by Patrick Kane - TEXAS TOROS : 1 - SPOKANE KNIGHTS : 3.
17:52 of 2nd period - Morgan Klimchuk wins face-off versus Gaetan Haas in neutral zone.
19:14 of 2nd period - Shot by Patrick Kane.
19:14 of 2nd period - Shot Hit the Post.
19:51 of 2nd period - Shot by Matthew Tkachuk.
19:51 of 2nd period - Stopped by Mikko Koskinen with a rebound.
Goals for this period are 1 for TEXAS TOROS vs 1 for SPOKANE KNIGHTS.
Shots for this period are 7 for TEXAS TOROS vs 12 for SPOKANE KNIGHTS.

3rd period


0:01 of 3rd period - Valtteri Filppula wins face-off versus Sebastian Aho in neutral zone.
0:06 of 3rd period - Icing by Roman Polak.
0:07 of 3rd period - Sebastian Aho wins face-off versus Valtteri Filppula in SPOKANE KNIGHTS zone.
0:07 of 3rd period - Sebastian Aho is hit by Jake Virtanen.
0:34 of 3rd period - Shot by Valeri Nichushkin.
0:34 of 3rd period - Shot Blocked by Aaron Ekblad.
0:36 of 3rd period - Shot by Sebastian Aho.
0:36 of 3rd period - Shot Misses the Net.
0:51 of 3rd period - Sebastian Aho is hit by Madison Bowey and loses puck.
0:59 of 3rd period - Icing by Madison Bowey.
1:00 of 3rd period - Valtteri Filppula wins face-off versus Gaetan Haas in TEXAS TOROS zone.
1:00 of 3rd period - Aaron Ekblad is hit by Tyler Pitlick and loses puck.
1:15 of 3rd period - Minor Penalty to Aaron Ekblad for Holding.
1:16 of 3rd period - Sebastian Aho wins face-off versus Barrett Hayton in TEXAS TOROS zone.
2:10 of 3rd period - Shot by Blake Wheeler.
2:10 of 3rd period - Deflect By Patrice Bergeron.
2:10 of 3rd period - Shot Misses the Net.
3:20 of 3rd period - Shot by Gaetan Haas.
3:20 of 3rd period - Shot Blocked by Aaron Ekblad.
3:22 of 3rd period - Shot by Roman Polak.
3:22 of 3rd period - Deflect By Gabriel Bourque.
3:22 of 3rd period - Stopped by Mikko Koskinen with a rebound.
3:24 of 3rd period - Shot by Garnet Hathaway.
3:24 of 3rd period - Shot Misses the Net.
3:26 of 3rd period - Shot by Gaetan Haas.
3:26 of 3rd period - Shot Misses the Net.
4:11 of 3rd period - Minor Penalty to Garnet Hathaway for Holding.
4:12 of 3rd period - Nick Foligno wins face-off versus Brock McGinn in SPOKANE KNIGHTS zone.
4:28 of 3rd period - Shot by Mats Zuccarello.
4:28 of 3rd period - Shot Misses the Net.
5:20 of 3rd period - Shot by Gaetan Haas.
5:20 of 3rd period - Stopped by Mikko Koskinen without a rebound.
5:21 of 3rd period - Nick Foligno wins face-off versus Valtteri Filppula in TEXAS TOROS zone.
6:16 of 3rd period - Shot by Nick Cousins.
6:16 of 3rd period - Shot Misses the Net.
6:18 of 3rd period - Shot by Nick Cousins.
6:18 of 3rd period - Shot Misses the Net.
6:32 of 3rd period - Shot by Nick Cousins.
6:32 of 3rd period - Stopped by Mike Smith without a rebound.
6:33 of 3rd period - Sebastian Aho wins face-off versus Jake Virtanen in SPOKANE KNIGHTS zone.
7:30 of 3rd period - Icing by Cale Makar.
7:31 of 3rd period - Sebastian Aho wins face-off versus Dale Weise in SPOKANE KNIGHTS zone.
7:55 of 3rd period - Shot by Tyler Pitlick.
7:55 of 3rd period - Stopped by Mikko Koskinen without a rebound.
7:56 of 3rd period - Barrett Hayton wins face-off versus Patrice Bergeron in TEXAS TOROS zone.
9:31 of 3rd period - Valtteri Filppula is hit by Mario Ferraro and loses puck.
9:44 of 3rd period - Shot by Jake Virtanen.
9:44 of 3rd period - Deflect By Brock McGinn.
9:44 of 3rd period - Stopped by Mike Smith without a rebound.
9:45 of 3rd period - Dale Weise wins face-off versus Sebastian Aho in SPOKANE KNIGHTS zone.
10:11 of 3rd period - Shot by Sebastian Aho.
10:11 of 3rd period - Stopped by Mikko Koskinen with a rebound.
10:13 of 3rd period - Shot by Valeri Nichushkin.
10:13 of 3rd period - Shot Misses the Net.
10:25 of 3rd period - Shot by Patrick Kane.
10:25 of 3rd period - Stopped by Mikko Koskinen with a rebound.
11:03 of 3rd period - Shot by Blake Wheeler.
11:03 of 3rd period - Shot Blocked by Vince Dunn.
11:05 of 3rd period - Shot by Blake Wheeler.
11:05 of 3rd period - Shot Misses the Net.
11:10 of 3rd period - Icing by Tyson Barrie.
11:11 of 3rd period - Gaetan Haas wins face-off versus Dale Weise in TEXAS TOROS zone.
11:15 of 3rd period - Icing by Conor Sheary.
11:16 of 3rd period - Gaetan Haas wins face-off versus Dale Weise in TEXAS TOROS zone.
11:56 of 3rd period - Icing by Justin Abdelkader.
11:57 of 3rd period - Justin Abdelkader wins face-off versus Barrett Hayton in SPOKANE KNIGHTS zone.
12:14 of 3rd period - Shot by Patrick Kane.
12:14 of 3rd period - Deflect By Valeri Nichushkin.
12:14 of 3rd period - Shot Misses the Net.
12:16 of 3rd period - Shot by Valeri Nichushkin.
12:16 of 3rd period - Stopped by Mikko Koskinen without a rebound.
12:17 of 3rd period - Patrice Bergeron wins face-off versus Valtteri Filppula in TEXAS TOROS zone.
12:21 of 3rd period - Minor Penalty to Madison Bowey for Tripping.
12:22 of 3rd period - Sebastian Aho wins face-off versus Brock McGinn in TEXAS TOROS zone.
12:29 of 3rd period - Shot by Blake Wheeler.
12:29 of 3rd period - Stopped by Mikko Koskinen without a rebound.
12:30 of 3rd period - Sebastian Aho wins face-off versus Brock McGinn in TEXAS TOROS zone.
13:09 of 3rd period - Shot by Matthew Tkachuk.
13:09 of 3rd period - Stopped by Mikko Koskinen with a rebound.
13:13 of 3rd period - Shot by Matthew Tkachuk.
13:13 of 3rd period - Shot Misses the Net.
13:15 of 3rd period - Shot by Sebastian Aho.
13:15 of 3rd period - Shot Misses the Net.
14:30 of 3rd period - Icing by Brent Seabrook.
14:31 of 3rd period - Gaetan Haas wins face-off versus Dale Weise in SPOKANE KNIGHTS zone.
14:47 of 3rd period - Shot by Mats Zuccarello.
14:47 of 3rd period - Shot Misses the Net.
15:03 of 3rd period - Off-side.
15:04 of 3rd period - Patrice Bergeron wins face-off versus Barrett Hayton in neutral zone.
15:19 of 3rd period - Shot by Blake Wheeler.
15:19 of 3rd period - Shot Blocked by Madison Bowey.
15:21 of 3rd period - Shot by Blake Wheeler.
15:21 of 3rd period - Stopped by Mikko Koskinen without a rebound.
15:22 of 3rd period - Sebastian Aho wins face-off versus Barrett Hayton in TEXAS TOROS zone.
15:54 of 3rd period - Shot by Sebastian Aho.
15:54 of 3rd period - Stopped by Mikko Koskinen with a rebound.
15:56 of 3rd period - Shot by Patrick Kane.
15:56 of 3rd period - Shot Misses the Net.
16:03 of 3rd period - Mats Zuccarello is hit by Valeri Nichushkin.
16:08 of 3rd period - Conor Sheary is hit by Mario Ferraro and loses puck.
16:39 of 3rd period - Icing by Vince Dunn.
16:40 of 3rd period - Patrice Bergeron wins face-off versus Ryan Poehling in TEXAS TOROS zone.
16:47 of 3rd period - Shot by Patrice Bergeron.
16:47 of 3rd period - Shot Misses the Net.
17:07 of 3rd period - Shot by Patrice Bergeron.
17:07 of 3rd period - Shot Misses the Net.
17:09 of 3rd period - Shot by Patrice Bergeron.
17:09 of 3rd period - Shot Blocked by Vince Dunn.
17:25 of 3rd period - Shot by Matthew Tkachuk.
17:25 of 3rd period - Shot Misses the Net.
17:27 of 3rd period - Shot by Nick Foligno.
17:27 of 3rd period - Shot Misses the Net.
17:29 of 3rd period - Shot by Patrice Bergeron.
17:29 of 3rd period - Goal by Patrice Bergeron - TEXAS TOROS : 1 - SPOKANE KNIGHTS : 4.
17:30 of 3rd period - Valtteri Filppula wins face-off versus Gaetan Haas in neutral zone.
18:25 of 3rd period - Shot by Sebastian Aho.
18:25 of 3rd period - Shot Misses the Net.
18:49 of 3rd period - Shot by Sebastian Aho.
18:49 of 3rd period - Stopped by Mikko Koskinen without a rebound.
18:50 of 3rd period - Patrice Bergeron wins face-off versus Barrett Hayton in TEXAS TOROS zone.
19:53 of 3rd period - Shot by Ryan Poehling.
19:53 of 3rd period - Shot Misses the Net.
Goals for this period are 0 for TEXAS TOROS vs 1 for SPOKANE KNIGHTS.
Shots for this period are 2 for TEXAS TOROS vs 12 for SPOKANE KNIGHTS.


NATHAN
MACKINNON
PHILLIP
DANAULT
CONNOR
MCDAVID

EAST COAST

HOCKEY LEAGUE

  • 25.QUE4CHI5
  • 26.CHA2LIM3
  • 27.TRV2LON3
  • 28.CHW4BAL2
  • 29.PITMAN
  • 30.ATLNHW
  • 31.WORPET
  • 32.RHI